 Dungeon Crawl Stone Soup version 0.23-a0-239-g84a5ed2 (webtiles) character file.

1064 PurpleRed the Ruffian (level 8, -2/52 HPs)
             Began as an Octopode Wanderer on Sept 26, 2018.
             Slain by an orc wizard
             ... wielding a +0 dagger
              (5 damage)
             ... on level 5 of the Dungeon.
             The game lasted 00:15:34 (4821 turns).

PurpleRed the Ruffian (Octopode Wanderer)           Turns: 4821, Time: 00:15:35

Health: -2/52      AC:  1    Str: 16    XL:     8   Next: 27%
Magic:  5/12       EV: 12    Int: 14    God:
Gold:   311        SH:  0    Dex:  9    Spells: 2/13 levels left

rFire    + . .     SeeInvis .   b - +1 scythe (vamp)
rCold    + . .     Gourm    .   (shield currently unavailable)
rNeg     . . .     Faith    .   (helmet restricted)
rPois    .         Spirit   .   (no amulet)
rElec    .         Reflect  .   h - ring of protection from fire
rCorr    .         Harm     .   f - ring of protection from cold
MR       .....                  m - ring of flight
Stlth    +++.......             (no ring)
HPRegen  0.17/turn              (no ring)
MPRegen  0.13/turn              (no ring)
                                (no ring)
                                (no ring)

@: very slightly contaminated, invisible
A: almost no armour, stealthy swim, amphibious, 8 rings, constrict 8, camouflage
1, gelatinous body 1
a: Evoke Flight


You were on level 5 of the Dungeon.
You were hungry.

You visited 1 branch of the dungeon, and saw 5 of its levels.

You collected 311 gold pieces.

Inventory:

Hand Weapons
 b - a +1 vampiric scythe (weapon)
 c - a +0 club
 d - a +0 dagger
 o - a +1 falchion of draining
 y - a +1 shortbow of velocity
Missiles
 t - 4 steel tomahawks (quivered)
 u - a throwing net
 A - 89 arrows
Magical Staves
 s - an uncursed staff of wizardry {unknown}
Jewellery
 f - a ring of protection from cold (right tentacle)
 h - a ring of protection from fire (left tentacle)
 m - a ring of flight (on tentacle)
Scrolls
 a - 3 scrolls of identify
 e - a scroll of immolation {unknown}
 g - a scroll of remove curse {unknown}
 i - a scroll of amnesia {unknown}
 j - a scroll of enchant weapon {unknown}
 l - 2 scrolls of teleportation
 n - 2 scrolls of magic mapping {unknown}
Potions
 p - a potion of agility
 q - a potion of lignification
 w - a potion of resistance
 x - a potion of heal wounds {unknown}
Comestibles
 r - 4 rations


   Skills:
 - Level 3.0 Fighting
 - Level 1.0 Short Blades
 - Level 4.0 Stealth
 + Level 7.0 Unarmed Combat
 - Level 3.0 Spellcasting
 - Level 3.2 Conjurations
   Level 1.0 Ice Magic
 - Level 4.9 Poison Magic


You had 2 spell levels left.
You knew the following spells:

 Your Spells              Type           Power        Failure   Level  Hunger
a - Magic Dart            Conj           ##..         6%          1    #......
b - Call Imp              Summ           #.......     32%         2    ##.....
c - Mephitic Cloud        Conj/Pois/Air  #.......     22%         3    ###....
d - Conjure Flame         Conj/Fire      #.......     32%         3    ###....
e - Blink                 Tloc           N/A          32%         2    ##.....

Your spell library contained the following spells:

 Spells                   Type           Power        Failure   Level  Hunger
 Slow                     Hex            #.......     32%         2    ##.....


Dungeon Overview and Level Annotations

Branches:
Dungeon (5/15)
 Temple: D:4-7

Altars:
Ashenzari
Elyvilon
Kikubaaqudgha
Qazlal
Sif Muna
Vehumet
Wu Jian

Annotations:
D:4 exclusion: statue


Innate Abilities, Weirdness & Mutations

You cannot wear most types of armour.
You are very stealthy in the water. (Stealth+)
You are amphibious.
You can wear up to eight rings at the same time.
You can use your tentacles to constrict eight enemies at once.
Your skin changes colour to match your surroundings (Stealth+).
Your rubbery body absorbs attacks. (AC +1, EV +1)


Message History

* * * LOW HITPOINT WARNING * * *
You miss something. Something hits you.
* * * LOW HITPOINT WARNING * * *
Something hits you but does no damage.
You closely miss something. You squeeze something. Something hits you.
* * * LOW HITPOINT WARNING * * *
Something hits you.
* * * LOW HITPOINT WARNING * * *
Something hits you.
* * * LOW HITPOINT WARNING * * *
You fade into invisibility!
You hear some strange, mumbled words.
A puff of frost appears from out of thin air!
The puff of frost misses you. Something barely misses you.
You closely miss something.
You hear some strange, mumbled words.
A puff of frost appears from out of thin air!
The puff of frost misses you. Something hits you but does no damage.
Something hits you.
You die...

..####+# ........ .......##
#...... ## ........# #..... #.
####....# #.... #. ..##....# ...
#. ...#...## #'###### #.
...#...#########.)....# #.
..<#.)..........{.....# #.
..##...##.......@.....# ######.
..##...##.....##.....## . #.....#
..##...#......##.....##.. #.....'
..##...###'#####..........#.....#
...#...##.))..##[.........#.....#
...#....#........)........#.....#
...#....#............######....).
...'....#............#...........
..##.####.....##.....#...........


There were no monsters in sight!

Vanquished Creatures
  Sigmund (D:2)
  An ogre (D:5)
  3 centaurs (D:5)
  A big kobold (D:4)
  A scorpion (D:4)
  A bullfrog zombie (D:5)
  A crimson imp (D:5)
  2 orc priests (D:5)
  A hound (D:4)
  An orc wizard (D:5)
  An iguana (D:5)
  3 worker ants
  Natasha (twice) (D:3)
  4 adders
  An adder zombie (D:5)
  3 adder skeletons (D:4)
  3 dart slugs
  6 leopard geckos
  9 orcs
  A ball python (D:1)
  8 giant cockroaches
  12 goblins
  11 hobgoblins
  13 kobolds
  8 bats
  3 frilled lizards
  3 quokka skeletons
  9 rats
  A bush (D:4)
  4 plants (D:4)
118 creatures vanquished.

Notes
Turn   | Place    | Note
-------+----------+-------------------------------------------
     0 | D:1      | PurpleRed the Octopode Wanderer began the quest for the
                  | Orb.
     0 | D:1      | PurpleRed set off with: a potion of lignification, a +0
                  | club, a +0 dagger, a ration
     0 | D:1      | Reached XP level 1. HP: 13/13 MP: 4/4
     3 | D:1      | Learned a level 1 spell: Magic Dart
   390 | D:1      | Reached XP level 2. HP: 17/18 MP: 3/6
   513 | D:1      | Reached XP level 3. HP: 14/24 MP: 1/7
   822 | D:1      | Learned a level 2 spell: Call Imp
   826 | D:1      | Learned a level 3 spell: Mephitic Cloud
  1378 | D:2      | Reached skill level 1 in Poison Magic
  1413 | D:2      | Reached XP level 4. HP: 29/31 MP: 5/8
  1736 | D:2      | Noticed Sigmund
  1778 | D:2      | Killed Sigmund
  1778 | D:2      | Reached XP level 5. HP: 25/36 MP: 5/9
  1995 | D:2      | Reached skill level 1 in Unarmed Combat
  1995 | D:2      | Reached XP level 6. HP: 33/42 MP: 10/10
  1999 | D:2      | Found an ornate altar of the Wu Jian Council.
  2202 | D:3      | Found a shattered altar of Ashenzari.
  2451 | D:3      | Found an ancient bone altar of Kikubaaqudgha.
  2457 | D:3      | Noticed Natasha
  2463 | D:3      | Killed Natasha
  2463 | D:3      | Reached skill level 2 in Unarmed Combat
  2603 | D:3      | Noticed Natasha
  2607 | D:3      | Killed Natasha
  2730 | D:3      | Found a deep blue altar of Sif Muna.
  2850 | D:4      | Reached skill level 3 in Unarmed Combat
  3106 | D:4      | Found a radiant altar of Vehumet.
  3160 | D:4      | Found a white marble altar of Elyvilon.
  3228 | D:4      | Reached skill level 4 in Unarmed Combat
  3228 | D:4      | Reached XP level 7. HP: 31/46 MP: 11/11
  3615 | D:4      | Learned a level 3 spell: Conjure Flame
  3618 | D:4      | Learned a level 2 spell: Blink
  3633 | D:4      | Found a stormy altar of Qazlal.
  3861 | D:5      | Entered Level 5 of the Dungeon
  4224 | D:5      | Reached skill level 5 in Unarmed Combat
  4624 | D:5      | Reached skill level 6 in Unarmed Combat
  4624 | D:5      | Reached XP level 8. HP: 52/52 MP: 8/12
  4800 | D:5      | Reached skill level 7 in Unarmed Combat
  4819 | D:5      | HP: 2/52 [something (4)]
  4821 | D:5      | Slain by an orc wizard

Vault maps used:
D:1:      dpeg_arrival_solitude
D:2:      lemuel_coloured_pillars_altar, minmay_misc_feat_tower,
          minmay_split_cup_small, uniq_sigmund
D:3:      lemuel_round_altar, ashenzari_conservatory_becter, marbit_many_paths,
          first_ration, uniq_natasha
D:4:      elyvilon_altar_1, nicolae_qazlal_general_emergency, vehumet_statue,
          minivault_23, lexackson_kobold_supper
D:5:      uniq_menkaure, uniq_prince_ribbit1

Skill      XL: |  1  2  3  4  5  6  7  8 |
---------------+-------------------------+-----
Fighting       | 2 3 |  3.0
Conjurations   | 2 3 |  3.2
Poison Magic   | 1 4 |  4.9
Unarmed Combat | 1 4 6 7 |  7.0
Short Blades   | |  1.0
Stealth        | |  4.0
Spellcasting   | |  3.0
Ice Magic      | |  1.0

Action                   |  1- 3 |  4- 6 |  7- 9 || total
-------------------------+-------+-------+-------++-------
Melee: Dagger            |    57 |    31 |       ||    88
       Constrict         |    15 |    17 |    16 ||    48
       Tentacles         |     2 |     6 |    29 ||    37
       Scythe            |       |    71 |   143 ||   214
       Punch             |       |       |     4 ||     4
 Cast: Magic Dart        |    51 |     4 |    15 ||    70
       Mephitic Cloud    |       |     2 |     7 ||     9
  Use: Potion            |       |     1 |     2 ||     3
       Scroll            |       |     4 |     2 ||     6
 Stab: Sleeping          |     3 |    21 |     1 ||    25
       Confused          |       |       |     1 ||     1
  Eat: Chunk             |     2 |     4 |     6 ||    12
       Ration            |       |     2 |       ||     2
Armor: Skin              |     6 |    18 |     8 ||    32
Dodge: Dodged            |    30 |    47 |    44 ||   121

Table legend:
 A = Non-vault XP
 B = Vault XP
 C = Vault XP percentage of total XP
 D = Non-vault monster count
 E = Vault monster count
 F = Vault count percentage of total count
                 A         B        C        D         E       F
            +---------+---------+-------+---------+---------+-------
      Total |    1159 |     361 |  23.8 |      99 |      14 |  12.4
            +---------+---------+-------+---------+---------+-------
        D:1 |      69 |       0 |   0.0 |      34 |       0 |   0.0
        D:2 |      43 |     216 |  83.4 |      18 |       4 |  18.2
        D:3 |      67 |      36 |  35.0 |      13 |       2 |  13.3
        D:4 |     178 |     109 |  38.0 |      12 |       8 |  40.0
        D:5 |     802 |       0 |   0.0 |      22 |       0 |   0.0
            +---------+---------+-------+---------+---------+-------
